 Dungeon Crawl Stone Soup version 0.23-a0-182-g58cdd98 (webtiles) character file.

177 Think the Cutter (level 5, 0/41 HPs)
             Began as a Human Fighter on Sept 20, 2018.
             Was an Initiate of Ashenzari.
             Slain by Grinder (6 damage)
             ... while paralysed by Grinder
             ... on level 3 of the Dungeon.
             The game lasted 00:07:34 (2366 turns).

Think the Cutter (Human Fighter)                    Turns: 2366, Time: 00:07:35

Health: 0/41       AC:  3    Str: 18    XL:     5   Next: 88%
Magic:  5/5        EV:  2    Int:  8    God:    Ashenzari [......]
Gold:   129        SH:  0    Dex: 12    Spells: 4/4 levels left

rFire    . . .     SeeInvis .   a - +1 rapier
rCold    . . .     Gourm    .   c - +0 shield
rNeg     . . .     Faith    .   u - +0 leather armour (curse)
rPois    .         Spirit   .   (no helmet)
rElec    .         Reflect  .   (no cloak)
rCorr    +         Harm     .   (no gloves)
MR       .....                  (no boots)
Stlth    +.........             (no amulet)
HPRegen  0.13/turn              n - ring of resist corrosion
MPRegen  0.09/turn              (no ring)

@: paralysed
A: no striking features
a: Curse Item, Renounce Religion


You were on level 3 of the Dungeon.
You worshipped Ashenzari.
Ashenzari was noncommittal.
You were hungry.

You visited 1 branch of the dungeon, and saw 4 of its levels.

You collected 129 gold pieces.

Inventory:

Hand Weapons
 a - a +1 rapier (weapon)
Armour
 b - a +0 scale mail
 c - a +0 shield (worn)
 u - a cursed +0 leather armour (worn)
Jewellery
 n - a ring of resist corrosion (left hand)
Scrolls
 e - 6 scrolls of teleportation
 i - a scroll of amnesia
 k - a scroll of magic mapping
 p - a scroll of immolation {unknown}
Potions
 d - 2 potions of might
 h - a potion of lignification {unknown}
 l - a potion of brilliance
 o - a potion of heal wounds {unknown}
 t - a potion of cancellation {unknown}
Comestibles
 f - 5 rations


   Skills:
 - Level 3.1 Fighting
 + Level 5.3 Short Blades
 - Level 3.1 Armour
 - Level 3.1 Shields


You had 4 spell levels left.
You didn't know any spells.
Your spell library was empty.

Dungeon Overview and Level Annotations

Branches:
Dungeon (4/15)
 Temple: D:4-7

Altars:
Ashenzari

Annotations:
D:3 Grinder


Message History

Grinder barely misses you.
You hit Grinder.
Grinder is heavily wounded.
Grinder gestures at you. You resist with significant effort.
You hit Grinder.
Grinder is severely wounded.
Grinder hits you.
You writhe in agony.
* * * LOW HITPOINT WARNING * * *
Your shield prevents you from hitting Grinder.
Grinder is severely wounded.
You block Grinder's attack.
You hit Grinder.
Grinder is severely wounded.
Grinder gestures at you.
You suddenly lose the ability to move!
Grinder hits you.
* * * LOW HITPOINT WARNING * * *
You writhe in agony.
You die...

#...#####.##..
... #........
##.# ..
###.....[#### . .
....###.....# ##
#........##.####%
#######...#......
#...#.........
##.#..>5#......
P#......@......#
P..............#
.P.........>....#
#.#..............
##....####.....
#.### ..... ##
###.. #.


You could see Grinder.

Vanquished Creatures
  An orc priest (D:2)
  Natasha (twice) (D:3)
  3 adders
  2 oozes
  5 dart slugs
  2 leopard geckos
  2 ball pythons
  2 bats (D:2)
  3 giant cockroaches
  6 goblins
  4 hobgoblins
  A quokka (D:2)
  4 frilled lizards (D:1)
  8 kobolds
  10 rats
55 creatures vanquished.

Notes
Turn   | Place    | Note
-------+----------+-------------------------------------------
     0 | D:1      | Think the Human Fighter began the quest for the Orb.
     0 | D:1      | Reached XP level 1. HP: 18/18 MP: 1/1
    92 | D:1      | Reached XP level 2. HP: 15/24 MP: 2/2
   567 | D:1      | Reached XP level 3. HP: 25/29 MP: 3/3
   614 | D:1      | Reached skill level 3 in Short Blades
  1090 | D:2      | Reached skill level 4 in Short Blades
  1090 | D:2      | Reached XP level 4. HP: 33/35 MP: 4/4
  1563 | D:2      | Reached XP level 5. HP: 41/41 MP: 5/5
  1601 | D:2      | Found a shattered altar of Ashenzari.
  1635 | D:2      | Became a worshipper of Ashenzari the Shackled
  1828 | D:3      | Noticed Natasha
  1851 | D:3      | Killed Natasha
  1982 | D:3      | Noticed Natasha
  1991 | D:3      | Killed Natasha
  1991 | D:3      | Reached skill level 5 in Short Blades
  2029 | D:3      | Noticed Grinder
  2034 | D:3      | Paralysed by Grinder for 3 turns
  2365 | D:3      | Paralysed by Grinder for 3 turns
  2366 | D:3      | Slain by Grinder

Vault maps used:
D:1:      denvon_arrival_planthouse
D:2:      wad_river_or_something, lemuel_round_altar, first_ration
D:3:      uniq_crazy_yiuf_cottage, uniq_grinder, uniq_natasha
D:4:      tgw_xom, chequers_temple_overflow_statue_of_worship,
          portal_sewer_entry_a, uniq_duvessa

Skill      XL: |  1  2  3  4  5 |
---------------+----------------+-----
Short Blades   | 4 5 |  5.3
Fighting       | |  3.1
Armour         | |  3.1
Shields        | |  3.1

Action                   |  1- 3 |  4- 6 || total
-------------------------+-------+-------++-------
Melee: Rapier            |   100 |    96 ||   196
  Use: Scroll            |       |     9 ||     9
       Potion            |       |     3 ||     3
  Eat: Chunk             |       |     4 ||     4
Armor: Scale mail        |    35 |    25 ||    60
       Leather armour    |       |     4 ||     4
Dodge: Dodged            |    27 |    24 ||    51
Block: Shield            |    38 |    41 ||    79

Table legend:
 A = Non-vault XP
 B = Vault XP
 C = Vault XP percentage of total XP
 D = Non-vault monster count
 E = Vault monster count
 F = Vault count percentage of total count
                 A         B        C        D         E       F
            +---------+---------+-------+---------+---------+-------
      Total |     154 |     100 |  39.4 |      45 |      10 |  18.2
            +---------+---------+-------+---------+---------+-------
        D:1 |      54 |       0 |   0.0 |      27 |       0 |   0.0
        D:2 |      32 |      64 |  66.7 |      11 |       9 |  45.0
        D:3 |      52 |      36 |  40.9 |       4 |       1 |  20.0
        D:4 |      16 |       0 |   0.0 |       3 |       0 |   0.0
            +---------+---------+-------+---------+---------+-------
